Map: Dreamcatcher LE

Players

lIIllllIIlll (INnoVation) - Winner!

  • Race: Terran Terran
  • League: Master
  • Spawn Location: 5:00

Bunny

  • Race: Terran Terran
  • League: Diamond
  • Spawn Location: 11:00

Event: HomeStory Cup XVIII

VOD

Have the link to the VOD?

Description

Time

  • Played on: Nov. 25, 2018, 1:46 p.m.
  • Length: 11:30

All games in this series

Show
View Real Time Build Order
Export as new Build Order

lIIllllIIlll Terran - Winner!

Build Orders:  

Get SALT Encoding   

  12  0:00  SCV  
  13  0:13  Supply Depot  
  13  0:17  SCV  
  14  0:35  Barracks  
  14  0:39  Refinery  
  14  0:52  Barracks  
  14  0:57  SCV  
  15  1:09  SCV  
  16  1:22  Reaper  
  16  1:23  Orbital Command  
  17  1:32  Refinery  
  17  1:39  Reaper  
  18  1:49  SCV  
  19  1:57  Reaper, Supply Depot  
  20  2:01  SCV  
  21  2:11  Reaper  
  21  2:13  SCV  
  23  2:25  SCV  
  23  2:29  Reaper  
  25  2:37  SCV  
  25  2:38  Factory  
  25  2:44  Reaper  
  25  2:49  SCV  
  26  3:01  Reaper  
  26  3:02  SCV  
  28  3:08  Command Center  
  28  3:14  SCV  
  29  3:22  Starport, Factory Tech Lab  
  29  3:26  SCV  
  30  3:31  Supply Depot  
  30  3:38  SCV  
  31  3:52  SCV  
  32  3:59  Supply Depot  
  32  4:03  Cloaking Field, Banshee  
  32  4:05  SCV  
  36  4:17  SCV  
  36  4:20  Orbital Command  
  36  4:22  Factory Tech Lab  
  37  4:29  SCV  
  38  4:35  Command Center  
  38  4:36  Barracks Reactor  
  38  4:42  SCV  
  39  4:46  Banshee  
  39  4:48  SCV  
  39  4:51  Siege Tank  
  46  4:54  Refinery  
  46  4:58  SCV  
  47  5:00  SCV  
  48  5:10  SCV, Refinery  
  48  5:12  SCV, Marine  
  48  5:13  Marine  
  52  5:22  SCV  
  52  5:24  SCV, Siege Tank  
  57  5:29  Engineering Bay  
  57  5:30  Engineering Bay  
  55  5:37  SCV x2  
  53  5:46  Stimpack, Marine  
  53  5:47  Viking x2  
  53  5:48  Orbital Command  
  58  5:50  SCV  
  58  5:51  SCV  
  60  5:57  Siege Tank  
  60  6:04  Marine  
  63  6:06  SCV  
  63  6:07  SCV  
  66  6:17  Terran Infantry Weapons Level 1, Terran Infantry Armor Level 1  
  66  6:20  Barracks  
  66  6:22  Marine, Barracks  
  67  6:28  SCV x2  
  66  6:34  Barracks x2  
  66  6:35  Siege Tank  
  66  6:39  Marine  
  69  6:41  SCV  
  69  6:42  SCV x2  
  69  6:43  Supply Depot  
  73  6:51  Viking x2  
  73  6:52  Orbital Command  
  77  6:59  Supply Depot  
  77  7:00  Missile Turret  
  77  7:01  Supply Depot  
  77  7:04  Marine  
  77  7:08  Barracks Reactor x2  
  78  7:09  Siege Tank  
  78  7:10  Missile Turret  
  81  7:18  Supply Depot  
  81  7:21  Barracks Reactor  
  81  7:22  Marine, Barracks Reactor  
  82  7:23  Armory  
  82  7:25  SCV  
  82  7:26  SCV x2  
  85  7:32  Supply Depot  
  85  7:33  Missile Turret  
  85  7:40  Marine  
  85  7:42  Medivac x2  
  90  7:45  Marine x4  
  90  7:49  Supply Depot  
  90  7:51  Missile Turret  
  94  7:53  Combat Shield  
  94  7:56  SCV x3  
  94  7:58  Marine x5  
  100  8:03  Marine x4  
  106  8:14  Missile Turret  
  106  8:15  Missile Turret, Terran Infantry Weapons Level 2  
  106  8:20  Supply Depot  
  106  8:21  Terran Infantry Armor Level 2  
  106  8:22  Marine x3  
  106  8:23  Marine  
  106  8:24  Marine  
  111  8:29  Marine x2  
  111  8:32  Missile Turret  
  111  8:34  Orbital Command  
  113  8:36  SCV x2  
  110  8:49  SCV  
  110  8:50  SCV, Marine  
  110  8:51  Marine  
  110  8:52  Medivac x2  
  110  8:53  Siege Tank  
  121  9:00  SCV  
  121  9:01  SCV  
  121  9:02  SCV  
  124  9:06  Marine x5, Sensor Tower  
  129  9:14  SCV  
  129  9:15  SCV x2  
  132  9:18  Supply Depot  
  132  9:19  Refinery x2  
  132  9:20  Supply Depot  
  132  9:23  Terran Vehicle Weapons Level 1  
  132  9:27  Viking  
  132  9:29  SCV  
  132  9:31  SCV, Supply Depot  
  133  9:39  SCV, Marine x7  
  133  9:41  Viking, Marine x2  
  133  9:43  SCV x2  
  147  9:50  Supply Depot  
  147  9:51  SCV  
  147  9:52  Supply Depot  
  147  9:55  SCV x2  
  147  9:59  Marine  
  148  10:00  Viking, Siege Tank, Supply Depot  
  148  10:03  SCV  
  148  10:06  Marine  
  152  10:07  Marine x3  
  152  10:10  Marine x2  
  152  10:11  Viking, Marine  
  152  10:13  Supply Depot  
  152  10:14  Supply Depot  
  159  10:25  Factory  
  159  10:28  Command Center  
  158  10:29  Barracks Reactor  
  161  10:50  Marine x2  
  161  10:54  Marine  
  161  10:55  Marine x3  
  166  11:02  Marine  
  166  11:03  Marine  
  171  11:08  Marine  
  171  11:10  Marine  
Show
View Real Time Build Order
Export as new Build Order

Bunny Terran 

Build Orders:  

Get SALT Encoding   

  12  0:00  SCV  
  13  0:12  SCV  
  14  0:17  Supply Depot  
  14  0:24  SCV  
  15  0:38  SCV  
  15  0:39  Barracks  
  16  0:43  Refinery  
  16  0:50  SCV  
  17  0:59  Barracks  
  17  1:03  SCV  
  18  1:15  SCV  
  19  1:26  Reaper  
  19  1:27  Orbital Command  
  20  1:35  Supply Depot  
  20  1:46  Reaper  
  21  1:52  SCV  
  22  2:03  Reaper  
  22  2:05  SCV  
  24  2:13  Command Center  
  24  2:17  SCV  
  24  2:22  Reaper  
  24  2:37  SCV  
  25  2:49  SCV  
  25  2:50  Refinery  
  26  2:55  Barracks Reactor  
  26  2:56  Marine  
  27  3:01  SCV  
  28  3:09  Supply Depot  
  28  3:13  SCV  
  29  3:21  Barracks Tech Lab  
  29  3:25  SCV  
  30  3:31  Marine x2  
  30  3:33  Engineering Bay  
  30  3:34  Factory  
  32  3:38  SCV  
  32  3:40  Marine  
  34  3:48  Stimpack  
  34  3:49  Marine x2  
  34  3:50  SCV  
  34  3:52  Orbital Command  
  37  4:01  Marine  
  37  4:02  SCV  
  39  4:07  Marine x2  
  41  4:12  Terran Infantry Weapons Level 1, Refinery  
  41  4:14  SCV  
  42  4:17  SCV  
  42  4:23  Starport  
  43  4:26  SCV  
  43  4:27  Marine x2  
  43  4:29  Marine  
  43  4:30  SCV  
  48  4:32  Factory Reactor  
  48  4:37  Supply Depot  
  49  4:38  SCV  
  49  4:42  SCV  
  49  4:45  Supply Depot  
  49  4:47  Marine x3  
  49  4:51  SCV  
  53  4:54  SCV  
  53  4:57  Supply Depot  
  54  5:04  SCV  
  54  5:05  Supply Depot  
  54  5:06  SCV, Marine  
  54  5:07  Marine x2  
  59  5:15  Medivac  
  59  5:17  Medivac  
  59  5:19  Missile Turret  
  59  5:21  Missile Turret  
  62  5:25  Marine  
  62  5:26  Marine  
  61  5:29  Marine  
  57  5:39  SCV  
  57  5:40  Missile Turret  
  56  5:45  Marine x2  
  56  5:47  Marine  
  59  5:50  SCV  
  59  5:51  SCV  
  59  5:54  Viking  
  59  5:56  Combat Shield  
  63  5:58  Factory Tech Lab  
  63  6:03  Marine x2  
  65  6:09  SCV x2  
  65  6:10  Marine  
  64  6:16  Supply Depot  
  64  6:20  Marine  
  56  6:31  SCV x2  
  56  6:40  Command Center  
  56  6:43  SCV x2  
  56  6:46  Terran Infantry Armor Level 1  
  58  6:55  SCV x2, Barracks  
  58  7:00  Medivac  
  62  7:06  Siege Tank, Refinery  
  62  7:07  SCV  
  66  7:09  SCV  
  66  7:11  Marine x2  
  66  7:13  Marine  
  70  7:17  Medivac  
  70  7:20  SCV  
  70  7:21  SCV  
  74  7:23  Supply Depot  
  74  7:29  Marine x2  
  76  7:31  Marine  
  76  7:36  Medivac  
  79  7:38  SCV x2, Siege Tank  
  79  7:42  Barracks Reactor  
  84  7:52  Orbital Command  
  84  7:53  SCV x2, Marine  
  84  7:54  Marine, Barracks  
  84  7:55  Marine, Barracks  
  89  8:01  Supply Depot  
  89  8:07  Engineering Bay  
  89  8:10  Siege Tank, Armory  
  89  8:11  Marine  
  93  8:13  SCV, Orbital Command  
  93  8:14  SCV  
  93  8:18  Marine x3  
  98  8:24  Marine  
  99  8:29  Marine  
  99  8:33  SCV x2  
  102  8:36  Marine x2  
  102  8:39  SCV  
  105  8:42  Siege Tank  
  105  8:45  SCV x2  
  105  8:48  Sensor Tower  
  109  8:51  Barracks Reactor x2  
  109  8:52  Marine x3  
  111  8:56  Medivac x2  
  111  8:59  SCV x3  
  111  9:00  Supply Depot, Terran Infantry Weapons Level 2  
  111  9:01  Marine  
  119  9:03  Marine  
  119  9:08  Refinery  
  119  9:09  Refinery  
  120  9:10  Marine  
  120  9:12  SCV x3  
  120  9:15  Supply Depot  
  123  9:20  Marine x2  
  123  9:22  Marine  
  126  9:25  Supply Depot  
  126  9:26  Supply Depot  
  126  9:28  Siege Tank  
  129  9:36  SCV  
  129  9:37  SCV x2  
  132  9:40  Marine x4  
  132  9:41  Marine  
  132  9:42  Marine x2, Supply Depot  
  132  9:45  Marine x2  
  141  9:47  Supply Depot  
  141  9:50  Supply Depot  
  139  9:57  Medivac x2  
  142  10:01  Siege Tank  
  142  10:02  Marine x3  
  142  10:03  Marine  
  142  10:04  Marine  
  142  10:05  Marine  
  148  10:09  Marine x3  
  151  10:20  SCV x3  
  154  10:24  Marine x5  
  154  10:26  Marine  
  154  10:27  Medivac x2  
  164  10:49  Command Center  
  163  10:50  Marine x7  
  163  10:51  Siege Tank  
  164  11:07  Marine x2  
  164  11:08  Marine x2  
Tags
 
Add a new tag
Caveats
  • Supply blocks, unpowered buildings, or Contaminate may cause inaccurate times.
  • Supply counts are checked every 10 seconds.